 Dungeon Crawl Stone Soup version 0.25-a0-413-g3b4b6a4ccc (webtiles) character file.

Game seed: 10240599333965443363, levelgen mode: deterministic

230 Kisielow the Cudgeler (level 6, 0/37 HPs)
             Began as a Gargoyle Fighter on Jan 16, 2020.
             Slain by an orc wizard
             ... wielding a +0 dagger
              (1 damage)
             ... on level 2 of the Dungeon.
             The game lasted 00:04:34 (2069 turns).

Kisielow the Cudgeler (Gargoyle Fighter)            Turns: 2069, Time: 00:04:35

Health: 0/37       AC: 11    Str: 22    XL:     6   Next: 3%
Magic:  6/6        EV:  7    Int:  8    God:
Gold:   115        SH:  9    Dex:  9    Spells: 5/5 levels left

rFire    . . .     SeeInvis .   a - +0 flail
rCold    . . .     Gourm    .   c - +0 shield
rNeg     + . .     Faith    .   b - +0 scale mail
rPois    ∞         Spirit   .   (no helmet)
rElec    +         Reflect  .   (no cloak)
rCorr    .         Harm     .   (no gloves)
MR       .....                  (no boots)
Stlth    ..........             (no amulet)
HPRegen  0.12/turn              (no ring)
MPRegen  0.10/turn              (no ring)

@: no status effects
A: negative energy resistance 1, electricity resistance, unbreathing,
petrification resistance, rot immunity, AC +4
a: no special abilities


You were on level 2 of the Dungeon.
You were not hungry.

You visited 1 branch of the dungeon, and saw 3 of its levels.

You collected 115 gold pieces.

Inventory:

Hand Weapons
 a - a +0 flail (weapon)
Armour
 b - a +0 scale mail (worn)
 c - a +0 shield (worn)
Wands
 p - a wand of polymorph (9)
Scrolls
 e - a scroll of magic mapping {unknown}
 i - a scroll of enchant weapon {unknown}
 k - 3 scrolls of identify {unknown}
 l - 2 scrolls of remove curse {unknown}
 m - 4 scrolls of fear {unknown}
 n - a scroll of amnesia {unknown}
 o - a scroll of fog {unknown}
 r - a scroll of teleportation {unknown}
Potions
 d - 2 potions of might
 h - a potion of lignification {unknown}
 j - a potion of haste {unknown}
 q - a potion of brilliance {unknown}
Comestibles
 f - 4 rations
 g - 4 chunks of flesh


   Skills:
 + Level 3.6 Fighting
 * Level 5.5 Maces & Flails
 + Level 3.6 Armour
 + Level 3.6 Shields


You had 5 spell levels left.
You didn't know any spells.
Your spell library was empty.

Dungeon Overview and Level Annotations

Branches:
Dungeon (3/15)

Altars:


Innate Abilities, Weirdness & Mutations

You are resistant to torment.
Your stone body is resilient. (AC +4)
You are immune to poison.
You resist negative energy. (rN+)
You are resistant to electric shocks. (rElec)
You can survive without breathing.
You are immune to petrification.
You are immune to rotting.


Message History

You hear some strange, mumbled words.
A magic dart appears from out of thin air!
The magic dart hits you but does no damage.
The orc hits you.
You miss something. You block the rat's attack.
Something hits you but does no damage. The orc hits you but does no damage.
The rat bites you but does no damage. Something hits you.
You miss something. You block the orc's attack. The rat closely misses you.
Something hits you but does no damage.
You barely miss something. The orc hits you. The rat barely misses you.
Something hits you.
* * * LOW HITPOINT WARNING * * *
You miss something. The orc barely misses you. You block the rat's attack.
You hear some strange, mumbled words.
A puff of flame appears from out of thin air!
The puff of flame hits you!
* * * LOW HITPOINT WARNING * * *
You sock something! You block the orc's attack. The rat barely misses you.
Something hits you.
You die...

#.#####...#...#######.#
#.##....#####.# #.#
#.##.##...#...# #)#
#.##.####.#.### #.# #.##.#
#...####### #.########## #.##.##
##.##.....# #........)..
#.#...####.##.###.###.####....##
#.......÷..##.#[o.....# #.##.#
###...#######.#@#.########.##.##
##.########.{)r.# #..#.....
#####.#..........########.#.##.##
......#.#####...............##.#
.######.# ###...........####.##
.# #.# ####.######.# #... .# #.#
#.# #.# #... .# #.####### #.#
#.####### .# #.......# #.#
#........


You could see an orc and a rat.

Vanquished Creatures
  2 orc priests (D:2)
  Jessica (D:2)
  3 adders (D:2)
  4 gnolls (D:2)
  An ooze (D:2)
  2 dart slugs (D:1)
  5 leopard geckos
  3 orcs (D:2)
  A ball python (D:3)
  3 bats (D:2)
  4 goblins
  10 hobgoblins
  6 jackals (D:2)
  4 kobolds (D:2)
  9 frilled lizards
  9 rats
67 creatures vanquished.

Notes
Turn   | Place    | Note
-------+----------+-------------------------------------------
     0 | D:1      | Kisielow the Gargoyle Fighter began the quest for the Orb.
     0 | D:1      | Reached XP level 1. HP: 14/14 MP: 1/1
    82 | D:1      | Reached XP level 2. HP: 19/19 MP: 2/2
   304 | D:1      | Reached skill level 3 in Maces & Flails
   811 | D:1      | Reached XP level 3. HP: 21/23 MP: 3/3
   926 | D:2      | Reached skill level 4 in Maces & Flails
   932 | D:2      | Reached XP level 4. HP: 20/28 MP: 4/4
  1213 | D:2      | Noticed Jessica
  1248 | D:2      | Killed Jessica
  1248 | D:2      | Reached skill level 5 in Maces & Flails
  1248 | D:2      | Reached XP level 5. HP: 26/32 MP: 5/5
  2050 | D:2      | Reached XP level 6. HP: 17/37 MP: 6/6
  2068 | D:2      | HP: 1/37 [something/puff of flame (10)]
  2069 | D:2      | Slain by an orc wizard

Levels and vault maps discovered:
D:1:      dpeg_arrival_ratfight, layout_loops_corners, minmay_tree_intersection
D:2:      layout_loops_ring, first_ration, uniq_jessica
D:3:      layout_rooms, ebering_ghost_rock_garden,
          chequers_ecumenical_altar_simple_redux, fedhas_altar_fruit_tree

Skill      XL: |  1  2  3  4 |
---------------+-------------+-----
Maces & Flails | 3 4 5 |  5.5
Fighting       | |  3.6
Armour         | |  3.6
Shields        | |  3.6

Action                   |  1- 3 |  4- 6 || total
-------------------------+-------+-------++-------
Melee: Flail             |    73 |   178 ||   251
  Eat: Chunk             |       |     4 ||     4
Armor: Scale mail        |    30 |   130 ||   160
Dodge: Dodged            |    20 |    71 ||    91
Block: Shield            |    28 |    98 ||   126

Table legend:
 A = Non-vault XP
 B = Vault XP
 C = Vault XP percentage of total XP
 D = Non-vault monster count
 E = Vault monster count
 F = Vault count percentage of total count
                 A         B        C        D         E       F
            +---------+---------+-------+---------+---------+-------
      Total |     287 |      42 |  12.8 |      61 |       6 |   9.0
            +---------+---------+-------+---------+---------+-------
        D:1 |      30 |       5 |  14.3 |      14 |       5 |  26.3
        D:2 |     255 |      37 |  12.7 |      46 |       1 |   2.1
        D:3 |       2 |       0 |   0.0 |       1 |       0 |   0.0
            +---------+---------+-------+---------+---------+-------
